 Dungeon Crawl Stone Soup version 0.16-a0-395-g6404e95 (console) character file.

3 gw the Exhumer (level 1, 0/16 HPs)
             Began as a Human Death Knight on Sept 14, 2014.
             Was a Follower of Yredelemnul.
             Slain by a jackal (1 damage)
             ... on Level 1 of the Dungeon.
             The game lasted 00:00:08 (309 turns).

gw the Exhumer (Human Death Knight)                  Turns: 309, Time: 00:00:08

HP   0/16        AC  3     Str 13      XL: 1   Next: 55%
MP   2/2         EV 10     Int 11      God: Yredelemnul [*.....]
Gold 0           SH  0     Dex 12      Spells:  0 memorised,  0 levels left

rFire  . . .     SeeInvis .     a - +1 falchion
rCold  . . .     Clarity  .     b - +0 leather armour
rNeg   . . .     rCorr    .     (no shield)
rPois  .         rRot     .     (no helmet)
rElec  .         Spirit   .     (no cloak)
SustAb .         Warding  .     (no gloves)
rMut   .         Stasis   .     (no boots)
Gourm  .                        (no amulet)
MR     .....                    (no ring)
                                (no ring)

@: not resistant to hostile enchantments, very unstealthy
A: no striking features
a: Animate Remains, Renounce Religion


You were on level 1 of the Dungeon.
You worshipped Yredelemnul.
Yredelemnul was aware of your devotion.
You were not hungry.

You visited 1 branch of the dungeon, and saw 1 of its levels.

Inventory:

Hand weapons
 a - a +1 falchion (weapon)
Armour
 b - a +0 leather armour (worn)
Comestibles
 c - a bread ration


   Skills:
 + Level 2.0 Fighting
 * Level 2.0 Long Blades
 + Level 1.2 Armour
 - Level 1.0 Dodging
 + Level 3.0 Invocations


You couldn't memorise any spells.
You didn't know any spells.

Dungeon Overview and Level Annotations

Branches:
Dungeon (1/15)

Altars:


Message History

The bat hits you but does no damage. The jackal closely misses you.
The jackal bites you but does no damage.
MOVING TO (-1,-8)
The bat hits your hobgoblin zombie. The jackal bites you.
The jackal bites you but does no damage.
MOVING TO (-2,-7)
The jackal closely misses you.
Your hobgoblin zombie closely misses the bat.
MOVING TO (-2,-6)
The bat hits you but does no damage.
MOVING TO (-1,-5)
The jackal completely misses you. The bat hits you but does no damage.
Your hobgoblin zombie barely misses the jackal.
There is a stone staircase leading down here.
MOVING TO (-1,-4)
The bat hits you but does no damage.
MOVING TO (-1,-3)
The bat barely misses you. The jackal bites you.
You die...
Your body rises from the dead as a mindless zombie.

~~##..~~~.....~..#..
.~~....##~.........
#~..........#...#
............#...#
........##.....#
...............##
........#...#..###..
.......###.........
..........p.......?
#........#hb...##..
#.........>Z!#..#
..###..#.....##...
##.......###.#
.....####....# .....
#....# ....
#.......... # #
...#.##..?..


You could see a jackal, a bat and a friendly hobgoblin zombie.

Table legend:
 A = Turns spent in this place as a percentage of turns spent in the entire game.
 B = Non-inter-level travel turns spent in this place as a percentage of non-inter-level travel turns spent in the entire game.
 C = Inter-level travel turns spent in this place as a percentage of turns spent in this place.
 D = Turns resting spent in this place as a percentage of non-inter-level travel turns spent in this place.
 E = Turns spent auto-exploring this place as a percentage of non-inter-level travel turns spent in this place.
 F = Non-inter-level travel turns spent in this place divided by the number of levels of this place that you've seen.
                   A       B       C       D       E      F
               +-------+-------+-------+-------+-------+----------------------
         Total | 100.0 | 100.0 |   0.0 |   6.3 |   7.9 |  63.0
       Dungeon | 100.0 | 100.0 |   0.0 |   6.3 |   7.9 |  63.0
               +-------+-------+-------+-------+-------+----------------------

Table legend:
 A = Kills in this place as a percentage of kills in entire the game.
 B = Kills by you in this place as a percentage of kills by you in the entire game.
 C = Kills by friends in this place as a percentage of kills by friends in the entire game.
 D = Other kills in this place as a percentage of other kills in the entire game.
 E = Experience gained in this place as a percentage of experience gained in the entire game.
 F = Experience gained in this place divided by the number of levels of this place that you have seen.
                   A       B       C       D       E      F
               +-------+-------+-------+-------+-------+----------------------
         Total | 100.0 | 100.0 |  -nan |  -nan | 100.0 |   5.0
       Dungeon | 100.0 | 100.0 |  -nan |  -nan | 100.0 |   5.0
               +-------+-------+-------+-------+-------+----------------------

Vanquished Creatures
  A hobgoblin (D:1)
  A jackal (D:1)
  A giant newt (D:1)
3 creatures vanquished.

Notes
Turn   | Place    | Note
--------------------------------------------------------------
     0 | D:1      | gw, the Human Death Knight, began the quest for the Orb.
     0 | D:1      | Reached XP level 1. HP: 16/16 MP: 2/2
   309 | D:1      | Slain by a jackal

Action                   || total
-------------------------++-------
Melee: Falchion          ||    16
Invok: Animate Remains   ||     1

Vault maps used:
D:1:      denvon_arrival_waterhouse
